 Dungeon Crawl Stone Soup version 0.25.1-2-g60ff931df9 (webtiles) character file.

Game seed: 15412870191710848301

255 Gabide the Grave Robber (level 5, 0/35 HPs)
             Began as a Mummy Necromancer on Sept 11, 2020.
             Slain by a hound skeleton (4 damage)
             ... on level 4 of the Dungeon.
             The game lasted 00:11:57 (3658 turns).

Gabide the Grave Robber (Mummy Necromancer)         Turns: 3658, Time: 00:11:57

Health: 0/35       AC:  2    Str: 11    XL:     5   Next: 91%
Magic:  2/12       EV: 13    Int: 15    God:
Gold:   166        SH:  0    Dex: 19    Spells: 5/14 levels left

rFire    x . .     SeeInvis +   h - +5 club
rCold    + . .     Gourm    .   (no shield)
rNeg     + + +     Faith    .   a - +0 robe
rPois    ∞         Spirit   .   (no helmet)
rElec    .         Reflect  .   (no cloak)
rCorr    .         Harm     .   (no gloves)
MR       .....                  (no boots)
Stlth    ++........             (no amulet)
HPRegen  0.11/turn              b - ring of see invisible
MPRegen  0.13/turn              g - +6 ring of dexterity

@: no status effects
A: no food or potions, fire vulnerability, cold resistance 1, negative energy
resistance 3, torment resistance, unbreathing
a: no special abilities


You were on level 4 of the Dungeon.
You were not hungry.

You visited 1 branch of the dungeon, and saw 4 of its levels.

You collected 166 gold pieces.

Inventory:

Hand Weapons
 e - a +0 dagger
 h - a +5 club (weapon)
Armour
 a - a +0 robe (worn)
 n - a +0 buckler
Jewellery
 b - a ring of see invisible (left hand)
 f - an uncursed ring of protection from cold
 g - a +6 ring of dexterity (right hand)
Wands
 i - a wand of random effects (15)
Scrolls
 c - 5 scrolls of remove curse
 m - 3 scrolls of identify


   Skills:
 + Level 0.1 Maces & Flails
 * Level 1.9 Dodging
 + Level 1.7 Stealth
 * Level 5.2 Spellcasting
 * Level 5.9 Necromancy


You had 5 spell levels left.
You knew the following spells:

 Your Spells              Type           Power        Failure   Level  Hunger
a - Pain                  Necr           ###.         1%          1    N/A
b - Animate Skeleton      Necr           N/A          1%          1    N/A
c - Vampiric Draining     Necr           ###.......   4%          3    N/A
d - Animate Dead          Necr           N/A          14%         4    N/A

Your spell library contained the following spells:

 Spells                   Type           Power        Failure   Level  Hunger
 Agony                    Necr           ###.....     36%         5    N/A

Dungeon Overview and Level Annotations

Branches:
Dungeon (4/15)
 Temple: D:4-7

Altars:
Okawaru


Innate Abilities, Weirdness & Mutations

You do not eat or drink.
Your flesh is vulnerable to fire.
You are immune to poison.
Your flesh is cold resistant. (rC+)
You are immune to negative energy. (rN+++)
You are immune to unholy pain and torment.
You can survive without breathing.


Message History

The hound skeleton bites you.
* * * LOW HITPOINT WARNING * * *
You hit the hound skeleton.
The hound skeleton is heavily damaged.
The hound skeleton barely misses you. The hound skeleton closely misses you.
You sock the hound skeleton!
The hound skeleton is severely damaged.
The hound skeleton misses you. The hound skeleton barely misses you.
You hit the hound skeleton.
The hound skeleton is almost destroyed.
The hound skeleton bites you but does no damage.
You barely miss the hound skeleton.
The hound skeleton is almost destroyed.
The hound skeleton closely misses you. The hound skeleton bites you.
* * * LOW HITPOINT WARNING * * *
You completely miss the hound skeleton.
The hound skeleton is almost destroyed.
The hound skeleton completely misses you.
The hound skeleton bites you.
You die...

..........
##.......
.........
#........
........
#...##... #.....
###...# ..# ....
#...#.# .#
#.#######..#....
#....#.##..#...#
##.##..........##
#.@####........#
#.....Z..#
#.##.#####
......#..# #....#
......#... .....#
....#......#.....
...## #....#####.
... ####.# .. ..
.#


You could see a hound skeleton.

Vanquished Creatures
  A hound (D:4)
  Jessica (D:2)
  2 worker ants (D:4)
  6 adders
  An ooze (D:1)
  5 worms
  3 dart slugs
  2 leopard geckos
  2 orcs (D:3)
  8 bats
  4 giant cockroaches
  6 goblins
  4 hobgoblins
  4 jackals
  2 quokkas (D:3)
  7 frilled lizards
  7 kobolds
  5 rats
70 creatures vanquished.

Vanquished Creatures (collateral kills)
  A dart slug (D:3)
  A leopard gecko (D:3)
2 creatures vanquished.

Grand Total: 72 creatures vanquished

Notes
Turn   | Place    | Note
-------+----------+-------------------------------------------
     0 | D:1      | Gabide the Mummy Necromancer began the quest for the Orb.
     0 | D:1      | Reached XP level 1. HP: 13/13 MP: 4/4
   445 | D:1      | Reached XP level 2. HP: 19/19 MP: 2/5
  1300 | D:2      | Reached XP level 3. HP: 18/24 MP: 2/7
  2018 | D:2      | Reached skill level 5 in Necromancy
  2018 | D:2      | Reached XP level 4. HP: 30/30 MP: 6/9
  2156 | D:2      | Noticed Jessica
  2159 | D:2      | Killed Jessica
  2704 | D:3      | Learned a level 1 spell: Animate Skeleton
  2708 | D:3      | Learned a level 3 spell: Vampiric Draining
  2713 | D:3      | Learned a level 4 spell: Animate Dead
  2968 | D:3      | Reached XP level 5. HP: 29/35 MP: 11/11
  3482 | D:3      | Found an iron altar of Okawaru.
  3642 | D:4      | Reached skill level 5 in Spellcasting
  3658 | D:4      | Slain by a hound skeleton

Illustrated notes

Levels and vault maps discovered:
D:1:      nagdon_arrival_zigzag_paths, layout_basic
D:2:      layout_loops_cross, minmay_tromino_i4, uniq_jessica
D:3:      layout_rooms, lemuel_round_altar, first_ration
D:4:      layout_cave_pools, minmay_temple_entry_junction, trog_hazing_becter

Skill      XL: |  1  2  3  4  5 |
---------------+----------------+-----
Spellcasting   | 3 4 5 |  5.2
Necromancy     | 5 |  5.9
Maces & Flails | |  0.1
Dodging        | |  1.9
Stealth        | |  1.7

Action                   |  1- 3 |  4- 6 || total
-------------------------+-------+-------++-------
Melee: Dagger            |    21 |     2 ||    23
       Club              |       |    48 ||    48
 Cast: Pain              |    77 |    58 ||   135
       Animate Dead      |       |     5 ||     5
       Vampiric Draining |       |     2 ||     2
  Use: Scroll            |     2 |     7 ||     9
 Stab: Sleeping          |     1 |     4 ||     5
Armor: Robe              |    17 |    12 ||    29
Dodge: Dodged            |    32 |    52 ||    84
